 Dungeon Crawl Stone Soup version 0.17-a0-2118-g63bad21 (webtiles) character file.

319 Duffy the Cleaver (level 6, -6/51 HPs)
             Began as a Hill Orc Fighter on Oct 20, 2015.
             Was an Initiate of Cheibriados.
             Killed by nerve-wracking pain
             ... invoked by Grinder
              (9 damage)
             ... on level 3 of the Dungeon.
             The game lasted 00:02:52 (3524 turns).

Duffy the Cleaver (Hill Orc Fighter)                Turns: 3524, Time: 00:02:52

Health: -6/51      AC: 10    Str: 25    XL:     6   Next: 45%
Magic:  6/6        EV:  5    Int: 11    God:    Cheibriados [......]
Gold:   214        SH:  9    Dex: 11    Spells: 0 memorised, 5 levels left

rFire  . . .     SeeInvis .     a - +0 war axe
rCold  . . .     Clarity  .     w - +0 chain mail
rNeg   . . .     SustAt   .     c - +0 shield
rPois  .         Gourm    .     t - +0 helmet (curse)
rElec  .         Spirit   .     (no cloak)
rCorr  .         Warding  .     (no gloves)
rMut   .         Stasis   .     (no boots)
MR     .....                    (no amulet)
Stlth  ..........               (no ring)
                                (no ring)

@: mighty, very slow, not resistant to hostile enchantments, extremely
unstealthy
A: no striking features
a: Bend Time, Renounce Religion


You were on level 3 of the Dungeon.
You worshipped Cheibriados.
Cheibriados was noncommittal.
You were hungry.

You visited 2 branches of the dungeon, and saw 5 of its levels.

You collected 214 gold pieces.


   Skills:
 + Level 3.6 Fighting
 + Level 8.7 Axes
 + Level 3.2 Armour
 - Level 3.2 Shields


You had 5 spell levels left.
You didn't know any spells.

Inventory:

Hand Weapons
 a - a +0 war axe (weapon)
Missiles
 l - 60 stones (quivered)
Armour
 b - a +0 scale mail
 c - a +0 shield (worn)
 t - a cursed +0 helmet (worn)
 w - a +0 chain mail (worn)
Jewellery
 r - an uncursed ring of ice
Scrolls
 f - 2 scrolls of enchant weapon {unknown}
 g - 2 scrolls of enchant armour {unknown}
 j - 2 scrolls of identify {unknown}
 m - a scroll of blinking {unknown}
 o - a scroll of immolation {unknown}
 q - 3 scrolls of teleportation {unknown}
 s - a scroll of amnesia {unknown}
Potions
 d - a potion of might
 i - 5 potions of heal wounds {unknown}
 k - 2 potions of curing {unknown}
 n - a potion of agility {unknown}
 v - 2 potions of cure mutation {unknown}
 x - a potion of brilliance {unknown}
Comestibles
 e - 2 bread rations
 h - a meat ration
 p - 2 royal jellies
 u - a beef jerky

Dungeon Overview and Level Annotations

Branches:
Dungeon (4/15)             Temple (1/1) D:4

Altars:
Ashenzari
Cheibriados
Dithmenos
Elyvilon
Fedhas
Kikubaaqudgha
Makhleb
Nemelex Xobeh
Okawaru
Qazlal
Ru
Sif Muna
Trog
Vehumet
Xom
Yredelemnul
The Shining One

Annotations:
D:3 Grinder


Message History

You are too injured to fight recklessly!
You are too injured to fight recklessly!
You are too injured to fight recklessly!
You are too injured to fight recklessly!
You are too injured to fight recklessly!
You are too injured to fight recklessly!
You are too injured to fight recklessly!
You are too injured to fight recklessly!
You are too injured to fight recklessly!
You are too injured to fight recklessly!
You are too injured to fight recklessly!
You are too injured to fight recklessly!
You are too injured to fight recklessly!
You are too injured to fight recklessly!
You are too injured to fight recklessly!
You are too injured to fight recklessly!
You slash Grinder!
Grinder is severely wounded.
Grinder gestures at you. You resist with significant effort.
You slash Grinder!
Grinder is almost dead.
Grinder hits you.
You writhe in agony.
Your shield and chain mail prevent you from hitting Grinder.
Grinder is almost dead.
Grinder hits you.
You writhe in agony.
You closely miss Grinder.
Grinder is almost dead.
Grinder gestures.
Grinder blinks!
You swing at nothing.
You swing at nothing.
Grinder gestures at you. Pain shoots through your body!
You die...

....# ....# ....#
....# ....#
###.##############
#.>............#
##############.#
#@# #.# #.5 ####


You could see Grinder.

Action                   |  1- 3 |  4- 6 || total
-------------------------+-------+-------++-------
Melee: War axe           |   103 |   152 ||   255
  Use: Potion            |       |     1 ||     1
  Eat: Chunk             |     2 |     6 ||     8

Notes
Turn   | Place    | Note
--------------------------------------------------------------
     0 | D:1      | Duffy the Hill Orc Fighter began the quest for the Orb.
     0 | D:1      | Reached XP level 1. HP: 19/19 MP: 1/1
    61 | D:1      | Reached skill level 3 in Axes
   180 | D:1      | Found a shattered altar of Ashenzari.
   270 | D:1      | Reached XP level 2. HP: 26/26 MP: 2/2
   331 | D:1      | Reached skill level 4 in Axes
   978 | D:2      | Reached XP level 3. HP: 31/31 MP: 3/3
  1109 | D:2      | Reached skill level 5 in Axes
  1244 | D:2      | Found an iron altar of Okawaru.
  1845 | D:2      | Reached XP level 4. HP: 36/39 MP: 4/4
  1994 | D:3      | Noticed Robin
  2008 | D:3      | Killed Robin
  2008 | D:3      | Reached skill level 6 in Axes
  2550 | D:4      | Reached skill level 7 in Axes
  2550 | D:4      | Reached XP level 5. HP: 9/45 MP: 5/5
  3021 | D:4      | Reached skill level 8 in Axes
  3021 | D:4      | Reached XP level 6. HP: 41/51 MP: 6/6
  3115 | D:4      | Noticed an ogre
  3126 | D:4      | Killed an ogre
  3317 | D:4      | Found a staircase to the Ecumenical Temple.
  3329 | Temple   | Entered the Ecumenical Temple
  3381 | Temple   | Became a worshipper of Cheibriados the Contemplative
  3510 | D:3      | Noticed Grinder
  3524 | D:3      | Killed from afar by Grinder

Vault maps used:
D:1:      dpeg_arrival_central, evilmike_ruin_ashenzari
D:2:      okawaru_trees_1
D:3:      lemuel_crystal_altar, first_bread, uniq_grinder, uniq_robin
D:4:      gammafunk_temple_overflow_pools, minmay_temple_entry_statues_pillars,
          uniq_menkaure, uniq_duvessa
Temple:   nicolae_temple_x_marks_the_god_16

Vanquished Creatures
  An ogre
  2 scorpions Robin
  5 adders
  2 worms
  An adder skeleton
  5 orcs
  2 ball pythons
  5 bats
  7 giant cockroaches
  8 goblins
  8 hobgoblins
  A giant gecko
  3 giant newts
  6 kobolds
  3 quokkas
  9 rats
69 creatures vanquished.
